 Dungeon Sprint DCSS version 0.27.1 (webtiles) character file.

Game seed: 7099047894592780848

4600000 sasquatch the Conqueror (level 23, -7/219 HPs)
             Began as a Formicid Hunter on Aug 22, 2021.
             Was the Champion of Makhleb.
             Mangled by a destroyer (226 damage)
             ... in the Dungeon (Sprint VIII: "Arena of Blood").
             The game lasted 00:04:06 (46 turns).

sasquatch the Conqueror (Formicid Hunter)             Turns: 46, Time: 00:04:08

Health: -7/219     AC:  6    Str: 26    XL:     23   Next: 27%
Magic:  22/54      EV: 22    Int: 12    God:    Makhleb [******]
Gold:   0          SH:  0    Dex: 11    Spells: 76/76 levels left

rFire    . . .     SeeInvis +   h - +โˆž Axe of Woe
rCold    . . .     Faith    .   (no shield)
rNeg     . . .     Spirit   .   b - +0 leather armour
rPois    .         Reflect  .   (helmet unavailable)
rElec    .         Harm     .   (no cloak)
rCorr    .         Rampage  .   (no gloves)
Will     ++...                  (no boots)
Stlth    +++++++++.             (no amulet)
HPRegen  0.46/turn              i - +30 ring of slaying
MPRegen  0.34/turn              j - +30 ring of slaying

@: no status effects
A: permanent stasis, dig shafts and tunnels, antennae 3, four strong arms
a: Dig, Renounce Religion, Minor Destruction, Lesser Servant of Makhleb, Major
Destruction, Greater Servant of Makhleb


You were in the Dungeon.
You worshipped Makhleb.
Makhleb was exalted by your worship.
You visited 1 branch

Inventory:

Hand Weapons
 a - a +0 short sword
 h - the +โˆž Axe of Woe (weapon)
   (You found it in the Dungeon)
Missiles
 c - 4 javelins (quivered)
 d - 2 throwing nets
Armour
 b - a +0 leather armour (worn)
Jewellery
 i - a +30 ring of slaying (left hand)
 j - a +30 ring of slaying (right hand)
Potions
 e - a potion of curing
 f - a potion of heal wounds
 g - 2 potions of magic


   Skills:
 O Level 27 Fighting
 + Level 25.1 Short Blades
 O Level 27 Axes
 O Level 27 Throwing
 O Level 27 Armour
 O Level 27 Dodging
 O Level 27 Stealth
 O Level 27 Spellcasting
 O Level 27 Invocations


You had 76 spell levels left.
You didn't know any spells.
Your spell library was empty.

Dungeon Overview and Level Annotations

Branches:
Dungeon (1/1)

Altars:
Makhleb


Innate Abilities, Weirdness & Mutations

You cannot be hasted, slowed, berserked, paralysed or teleported.
You can dig through walls and to a lower floor.
You have a pair of large antennae on your head. (SInv)
Your four strong arms can wield two-handed weapons with a shield.


Message History

You hear a shout! x9
Your Short Blades skill gained 10 levels and is now at level 15!
Unknown command.
The destroyer appears out of thin air!
A destroyer comes into view. It is wielding a +9 vorpal great sword.
You hear a shout! x11
There is a burning altar of Makhleb, spattered with blood here.
Things that are here:
a +9 war axe; a +30 ring of slaying; a bag of meat corpse You hear a shout! x12
A bag of meat comes into view. It is wielding a +9 war axe.
You hear a shout! x12
The destroyer blinks!
You hear a shout! x2
You hear a roar!
You hear a shout! x6
A meat berserker comes into view. It is wielding a +9 battleaxe.
You hear a shout!
The destroyer blinks!
You hear two shouts!
You hear a shout! x2
You hear a shout! x9
The destroyer shouts!
You slice the destroyer!!
You cleave the destroyer in twain.
You destroy the destroyer!
Makhleb accepts your kill.
You hear a shout! x6
A bag of meat comes into view. It is wielding a +9 war axe.
Your Short Blades skill gained 10 levels and is now at level 25!
You have reached level 23!
An orc, an ogre and a skeletal warrior come into view.
You hear a shout! x4
A meat berserker comes into view. It is wielding a +9 battleaxe.
A bag of meat comes into view. It is wielding a +9 war axe. x2
A large bag of meat comes into view. It is wielding a +9 giant spiked club.
You hear a shout! x3
The accursed appears out of thin air!
An accursed comes into view.
You hear a shout! x7
The destroyer hits you with a +9 vorpal great sword!!!!!
Ouch! That really hurt!
You die...

o.Oo...........
o............z.
...............{
oO..O........ {{
............
#.......# .
#.....O.# ...
.###.....).###....
...(..###@........
......_V)........ .
...#...)o#.......
... #_.<)_#.......
..ยง..#..)).#......#
........_)M)....(..
.......###)........
..###.. ...###....
#.o ....# ...o


You could see an accursed (wandering), a destroyer, 3 meat berserkers and a bag
of meat.

Vanquished Creatures
  3 vampire knights (D)
  5 ogres (D)
  14 orcs (D)
  A skeletal warrior (D)
23 creatures vanquished.

Notes
Turn   | Place    | Note
-------+----------+-------------------------------------------
     0 | D        | Found the +โˆž Axe of Woe
     0 | D        | sasquatch the Formicid Hunter began the quest for the Orb.
     0 | D        | Reached XP level 1. HP: 16/16 MP: 1/1
     1 | D        | Noticed a bag of meat
     3 | D        | Noticed a bag of meat
     3 | D        | Noticed a bag of meat
     4 | D        | Became a worshipper of Makhleb the Destroyer
     5 | D        | Noticed a meat berserker
     5 | D        | Noticed a bag of meat
     7 | D        | Killed a bag of meat
     8 | D        | Reached skill level 15 in Fighting
     8 | D        | Reached XP level 2. HP: 14/44 MP: 2/2
     8 | D        | Reached XP level 3. HP: 17/50 MP: 3/3
     8 | D        | Reached XP level 4. HP: 19/57 MP: 4/4
     8 | D        | Reached XP level 5. HP: 21/63 MP: 5/5
     8 | D        | Reached XP level 6. HP: 23/70 MP: 6/6
     8 | D        | Reached XP level 7. HP: 25/76 MP: 7/7
     8 | D        | Reached XP level 8. HP: 28/83 MP: 8/8
     8 | D        | Reached XP level 9. HP: 30/89 MP: 9/9
     8 | D        | Reached XP level 10. HP: 32/96 MP: 10/10
     8 | D        | Reached XP level 11. HP: 34/102 MP: 11/11
     8 | D        | Reached XP level 12. HP: 37/110 MP: 12/12
     8 | D        | Killed a meat berserker
     8 | D        | Reached * piety under Makhleb
     8 | D        | Killed a bag of meat
     8 | D        | Noticed a meat berserker
     9 | D        | Reached XP level 13. HP: 48/143 MP: 13/13
     9 | D        | Reached XP level 14. HP: 51/151 MP: 14/14
     9 | D        | Reached XP level 15. HP: 53/158 MP: 15/15
    10 | D        | Reached skill level 27 in Fighting
    10 | D        | Reached skill level 27 in Axes
    10 | D        | Reached ** piety under Makhleb
    11 | D        | Reached XP level 16. HP: 80/167 MP: 16/16
    13 | D        | Killed a meat berserker
    20 | D        | Reached XP level 17. HP: 117/174 MP: 17/17
    20 | D        | Noticed a meat berserker
    21 | D        | Noticed a destroyer
    23 | D        | Noticed a meat berserker
    24 | D        | Reached *** piety under Makhleb
    24 | D        | Noticed a destroyer
    26 | D        | Killed a meat berserker
    27 | D        | Reached skill level 27 in Dodging
    27 | D        | Reached XP level 18. HP: 36/182 MP: 17/25
    27 | D        | Killed a meat berserker
    27 | D        | Noticed a meat berserker
    28 | D        | Reached **** piety under Makhleb
    29 | D        | Reached XP level 19. HP: 97/189 MP: 17/34
    29 | D        | Noticed a destroyer
    30 | D        | Killed a destroyer
    31 | D        | Reached skill level 27 in Armour
    31 | D        | Reached skill level 27 in Invocations
    31 | D        | Reached XP level 20. HP: 165/197 MP: 17/37
    31 | D        | Reached ***** piety under Makhleb
    34 | D        | Reached skill level 27 in Stealth
    34 | D        | Reached XP level 21. HP: 189/204 MP: 18/38
    35 | D        | Killed a destroyer
    35 | D        | Killed a meat berserker
    36 | D        | Reached skill level 27 in Throwing
    36 | D        | Reached XP level 22. HP: 212/212 MP: 18/48
    38 | D        | Reached skill level 27 in Spellcasting
    38 | D        | Reached skill level 5 in Short Blades
    38 | D        | Reached ****** piety under Makhleb
    39 | D        | Reached skill level 15 in Short Blades
    40 | D        | Noticed a destroyer
    42 | D        | Noticed a meat berserker
    44 | D        | Killed a destroyer
    45 | D        | Reached XP level 23. HP: 219/219 MP: 21/54
    45 | D        | Noticed a large bag of meat
    46 | D        | Mangled by a destroyer

Illustrated notes

Levels and vault maps discovered:
D:        meatsprint

Skill      XL: |  1  2  3  4  5  6  7  8  9 10 11 12 13 14 15 16 17 18 19 20 21 22 |
---------------+-------------------------------------------------------------------+-----
Axes           | 23 26 27 | 27.0
Fighting       | 15 26 27 | 27.0
Armour         | 18 19 26 27 | 27.0
Dodging        | 21 27 | 27.0
Invocations    | 9 23 27 | 27.0
Throwing       | 16 22 27 | 27.0
Stealth        | 19 27 | 27.0
Spellcasting   | 22 27 | 27.0
Short Blades   | 25 | 25.1

Action                   |  1- 3 |  4- 6 |  7- 9 | 10-12 | 13-15 | 16-18 | 19-21 | 22-24 || total
-------------------------+-------+-------+-------+-------+-------+-------+-------+-------++-------
Melee: Executioner's axe |     1 |       |       |     1 |     2 |     6 |     5 |     3 ||    18
Throw: Javelin           |     1 |       |       |       |       |       |     1 |       ||     2
Dodge: Dodged            |       |       |       |       |       |       |     1 |       ||     1
